 Dungeon Sprint DCSS version 0.21.1-1-g345015f (webtiles) character file.

12 Psiloshibe the Skirmisher (level 2, -1/26 HPs)
             Began as a Barachi Berserker on June 22, 2018.
             Was a Priest of Trog.
             Slain by an ufetubus (4 damage)
             ... in the Dungeon (Sprint VI: "Thunderdome").
             The game lasted 00:02:01 (244 turns).

Psiloshibe the Skirmisher (Barachi Berserker)        Turns: 244, Time: 00:02:03

Health: -1/26      AC:  2    Str: 16      XL:     2   Next: 83%
Magic:  2/2        EV: 12    Int:  7      God:    Trog [***...]
Gold:   85         SH:  2    Dex: 10 (11) Spells: 1/1 levels left

rFire    . . .     SeeInvis .   q - +0 war axe
rCold    + . .     Gourm    .   (no shield)
rNeg     + . .     Faith    .   b - +0 animal skin
rPois    .         Spirit   .   (no helmet)
rElec    +         Reflect  +   (no cloak)
rCorr    .         Harm     .   (no gloves)
MR       .....     NoTele   +   (no boots)
Stlth    ++........             n - amulet "Vumaf" {Reflect SH+2 Stlth+}
HPRegen  0.08/turn              o - ring "Dute" {rN+ Str-5} (curse)
MPRegen  0.08/turn              p - ring "Bacav" {*Slow rElec rC+ Str+3 Slay+2}

@: slow
A: +LOS, swims, slowness 1, strong legs 1
a: Hop, Berserk, Trog's Hand, Burn Spellbooks, Renounce Religion


You were in the Dungeon.
You worshipped Trog.
Trog was most pleased with you.
You were not hungry.

You visited 1 branch You collected 220 gold pieces.
You spent 135 gold pieces at shops.

Inventory:

Hand Weapons
 a - a +0 falchion
 q - a +0 war axe (weapon)
Armour
 b - a +0 animal skin (worn)
Jewellery
 n - the amulet "Vumaf" (around neck) {Reflect SH+2 Stlth+}
   (You bought it in a shop in the Dungeon)

   [amulet of reflection]

   It shields you and reflects attacks.
   It affects your SH (+2).
   It makes you more stealthy.
 o - the cursed ring "Dute" (left hand) {rN+ Str-5}
   (You bought it in a shop in the Dungeon)

   [ring of strength]

   It affects your strength (-5).
   It protects you from negative energy.
   It has a curse placed upon it.
 p - the ring "Bacav" (right hand) {*Slow rElec rC+ Str+3 Slay+2}
   (You bought it in a shop in the Dungeon)

   [ring of protection from cold]

   It affects your strength (+3).
   It affects your accuracy and damage with ranged weapons and melee attacks
   (+2).
   It protects you from cold.
   It insulates you from electricity.
   It may slow you when you take damage.
Wands
 k - a wand of acid (5)
 l - a wand of iceblast (5)
Scrolls
 i - 4 scrolls of blinking
 m - 3 scrolls of fog
Potions
 d - a potion of curing
 e - 4 potions of heal wounds
 f - 4 potions of haste
 g - 2 potions of magic
 h - a potion of berserk rage
 j - a potion of resistance
Comestibles
 c - a ration
 r - 3 chunks of flesh


   Skills:
 + Level 4.8 Fighting
 + Level 4.6 Long Blades
 + Level 1.3 Axes
 * Level 2.5 Throwing
 + Level 2.9 Armour
 + Level 2.8 Dodging
 + Level 0.2 Stealth


You had one spell level left.
You didn't know any spells.

Dungeon Overview and Level Annotations

Branches:
Dungeon (1/1)

Altars:
Cheibriados
Dithmenos
Fedhas
Gozag
Kikubaaqudgha
Makhleb
Okawaru
Qazlal
Ru
Sif Muna
Trog
Uskayaw
Vehumet
Wu Jian
Xom
Yredelemnul
Zin
The Shining One
Beogh
Jiyva
Lugonu

Shops:
D *[%??*?*:[((!!!!


Innate Abilities, Weirdness & Mutations

Shadows flee at your approach. (+LOS)
You can swim through water.
You cover ground slowly.
You can hop short distances.


Message History

The quasit closely misses you. x3; You block the quasit's attack. x2
You closely miss the quasit. The quasit closely misses you.
The quasit claws you.
* * * LOW HITPOINT WARNING * * *
You feel clumsy. The quasit barely misses you. The ufetubus hits you.
* * * LOW HITPOINT WARNING * * *
The ufetubus hits you.
* * * LOW HITPOINT WARNING * * *
The quasit bites you.
* * * LOW HITPOINT WARNING * * *
The quasit claws you but does no damage.
The quasit misses you.
You miss the quasit. You barely miss the ufetubus.
The ufetubus barely misses you. The ufetubus completely misses you.
The quasit bites you but does no damage.
The quasit claws you.
* * * LOW HITPOINT WARNING * * *
The quasit closely misses you. The ufetubus hits you.
You die...

######.8.........8.######
##∩_._......###......___∩#
###∩........8.# #.8........∩
##.............###...........
#⌠..........###...###........
#⌠..........# #.<.# #........
#⌠..........###...###........
##..........55.###...........
###∩.......@8.# #.8........∩
##∩.__÷.....###......___∩#
######.8.........8.######
#⌠...........⌠#
###.........### #_......._#
#_......._# #_......._#
#∩.......∩#


You could see a quasit and an ufetubus.

Vanquished Creatures
  A white imp (D)
  An ufetubus (D)
  A dart slug (D)
  A leopard gecko (D)
  An orc (D)
  2 rats (D)
7 creatures vanquished.

Notes
Turn   | Place    | Note
-------+----------+-------------------------------------------
     0 | D        | Psiloshibe the Barachi Berserker began the quest for the Orb.
     0 | D        | Reached XP level 1. HP: 18/18 MP: 1/1
     0 | D        | Found a sacrificial altar of Ru.
     0 | D        | Found a glowing golden altar of the Shining One.
     3 | D        | Found a roughly hewn altar of Beogh.
     3 | D        | Found an opulent altar of Gozag.
     4 | D        | Found a hide-covered altar of Uskayaw.
     4 | D        | Found a shadowy altar of Dithmenos.
     5 | D        | Found an iron altar of Okawaru.
     5 | D        | Found an ancient bone altar of Kikubaaqudgha.
     5 | D        | Round 1.
     6 | D        | Found Vegeogu's Delicious Food.
     6 | D        | Found Cuaqaon's Identification Station.
     7 | D        | Found Loxylif's Jewellery.
     7 | D        | Found Niskual's Advanced Armour.
     7 | D        | Found a bloodstained altar of Trog.
     7 | D        | Found a snail-covered altar of Cheibriados.
     7 | D        | Found a radiant altar of Vehumet.
    17 | D        | Bought a flickering copper amulet for 45 gold pieces
    17 | D        | Bought a twitching bronze ring for 45 gold pieces
    17 | D        | Bought a wavering bronze ring for 45 gold pieces
    17 | D        | Identified the amulet "Vumaf" {Reflect SH+2 Stlth+} (You bought it in a shop in the Dungeon)
    18 | D        | Identified the cursed ring "Dute" {rN+ Str-5} (You bought it in a shop in the Dungeon)
    19 | D        | Identified the ring "Bacav" {*Slow rElec rC+ Str+3 Slay+2} (You bought it in a shop in the Dungeon)
    26 | D        | Found Waxiadod's Magic Scroll Shop.
    27 | D        | Found Osous's Staff Store.
    28 | D        | Found Vukhliogi's Magic Scroll Shop.
    28 | D        | Found Fuviem's Must-Have Magic.
    34 | D        | Found a blossoming altar of Fedhas.
    35 | D        | Found a corrupted altar of Lugonu.
    36 | D        | Found a glowing silver altar of Zin.
    37 | D        | Found Tyhoddac's Distillery.
    38 | D        | Found Iqyurr's Distillery.
    38 | D        | Found Fubror's Bottled Wisdom.
    38 | D        | Found a shimmering altar of Xom.
    38 | D        | Found a viscous altar of Jiyva.
    38 | D        | Found a basalt altar of Yredelemnul.
    38 | D        | Found Owkauvun's Do-It-Yourself Clinic.
    52 | D        | Reached skill level 1 in Throwing
    61 | D        | Found an ornate altar of the Wu Jian Council.
    61 | D        | Found Betafopp's Basic Armour.
    62 | D        | Found a deep blue altar of Sif Muna.
    62 | D        | Found Oblouklegi's Weapon Rack.
    62 | D        | Found Tarick's Miscellaneous Merchandise.
    63 | D        | Found a burning altar of Makhleb.
    63 | D        | Found a stormy altar of Qazlal.
    63 | D        | Found Daugaka's Premium Goods.
   122 | D        | Reached ** piety under Trog
   122 | D        | Reached XP level 2. HP: 11/25 MP: 2/2
   122 | D        | Arena points: 12 (+12) [x2]
   177 | D        | Round 2.
   184 | D        | Reached skill level 1 in Axes
   237 | D        | Reached *** piety under Trog
   244 | D        | Slain by an ufetubus

Skill      XL: |  1  2 |
---------------+-------+-----
Throwing       | 2 |  2.5
Fighting       | 4 |  4.8
Long Blades    | 4 |  4.6
Axes           | 1 |  1.3
Armour         | |  2.9
Dodging        | |  2.8
Stealth        | |  0.2

Action                   || total
-------------------------++-------
Melee: War axe           ||    15
       Falchion          ||     5
Armor: Animal skin       ||     6
Dodge: Dodged            ||    32
Block: Other             ||     4
